 Dungeon Crawl Stone Soup version 0.28.0-1-gb440e238dd (webtiles) character file.

Game seed: 14372231979366358312

76014 belegose the Corrupter of Planes (level 15, -14/126 HPs)
             Began as a Ghoul Abyssal Knight on Feb 24, 2022.
             Was the Champion of Lugonu.
             Demolished by an ettin (22 damage)
             ... on level 13 of the Dungeon.
             The game lasted 01:12:58 (25391 turns).

belegose the Corrupter of Planes (GhAK)            Turns: 25391, Time: 01:12:59

Health: -14/126    AC: 23    Str: 27    XL:     15   Next: 52%
Magic:  0/8        EV:  8    Int:  9    God:    Lugonu [******]
Gold:   1228       SH:  0    Dex:  9    Spells: 14/14 levels left

rFire   + . .      SeeInvis .   b - +11 mace of the Lame Duck {antimagic, Str+6}
rCold   + + .      Faith    .   (no shield)
rNeg    + + +      Spirit   +   r - +1 plate armour {rF+}
rPois   ∞          Reflect  .   t - +0 helmet
rElec   .          Harm     .   I - +0 cloak {Will+}
rCorr   .          Rampage  .   (no gloves)
Will    +++..                   c - +1 pair of boots {Stlth+}
Stlth   ..........              g - amulet of Gobair {Spirit +Blink rC+ Regen+}
HPRegen 0.00/turn               s - +4 ring of protection
MPRegen 0.11/turn               n - ring of willpower

@: inhibited regen
A: claws 1, cold resistance 1, negative energy resistance 3, inhibited
regeneration, torment resistance 2
a: Renounce Religion, Evoke Blink, Depart the Abyss, Bend Space, Banish,
Corrupt, Enter the Abyss, Brand Weapon With Distortion


You were on level 13 of the Dungeon.
You worshipped Lugonu.
Lugonu was exalted by your worship.
You visited 4 branches of the dungeon, and saw 21 of its levels.
You visited the Abyss 1 time.
You also visited: Volcano.

You collected 2064 gold pieces.
You spent 836 gold pieces at shops.

Inventory:

Hand Weapons
 a - the +8 demon trident "Rift" {distort, reach+}
   (You found it on level 8 of the Dungeon)

   It warps and distorts space around it, and may blink, banish, or inflict
   extra damage upon those it strikes.
   Unwielding it can cause banishment or high damage.
   It can reach especially far, and its reaching attacks ignore other creatures
   in the way.
 b - the +11 mace of the Lame Duck (weapon) {antimagic, Str+6}
   (You found it on level 7 of the Dungeon)

   It reduces the magical energy of the wielder, and disrupts the spells and
   magical abilities of those it strikes.
   Natural abilities and divine invocations are not affected.
   Str:       It affects your strength (+6).
 d - a +3 scimitar of flaming
 j - the +3 broad axe of Paper {protect, Str+9}
   (You bought it in a shop on level 6 of the Dungeon)

   It grants its wielder temporary protection when it strikes (+7 to AC).
   Str:       It affects your strength (+9).
Missiles
 q - 16 boomerangs (quivered)
 x - 33 poisoned darts
 A - 4 silver javelins
 E - 8 javelins
 M - 6 curare-tipped darts
 X - a throwing net
Armour
 c - a +1 pair of boots of stealth (worn)
 r - a +1 plate armour of fire resistance (worn)
 t - a +0 helmet (worn)
 I - a +0 cloak of willpower (worn)
Jewellery
 g - the amulet of Gobair (around neck) {Spirit +Blink rC+ Regen+}
   (You found it on level 1 of the Orcish Mines)

   [amulet of guardian spirit]

   It causes incoming damage to be divided between your reserves of health and
   magic.
   rC:        It protects you from cold.
   +Blink:    It lets you blink.
   Regen:     It increases your rate of health regeneration.
 n - a ring of willpower (right claw)
 s - a +4 ring of protection (left claw)
 y - a +4 ring of protection
 C - a ring of resist corrosion
 Y - a ring of ice
Wands
 G - a wand of acid (5)
 H - a wand of iceblast (19)
 K - a wand of mindburst (5)
 L - a wand of flame (20)
 N - a wand of paralysis (7)
Scrolls
 e - 2 scrolls of holy word {unknown}
 f - 2 scrolls of brand weapon {unknown}
 k - 7 scrolls of teleportation
 m - 3 scrolls of magic mapping
 o - a scroll of torment {unknown}
 p - 3 scrolls of fear
 v - a scroll of summoning {unknown}
 w - a scroll of blinking {unknown}
 D - a scroll of enchant weapon {unknown}
 O - 2 scrolls of vulnerability {unknown}
 S - 4 scrolls of fog
 Z - a scroll of acquirement {unknown}
Potions
 h - a potion of ambrosia
 i - 4 potions of curing
 u - 4 potions of flight
 z - a potion of cancellation
 F - 2 potions of invisibility
 P - 3 potions of heal wounds
 Q - 3 potions of might
 T - 4 potions of haste
 W - a potion of magic
Miscellaneous
 l - a condenser vane
 R - a phial of floods
 U - a phantom mirror (inert)


   Skills:
 + Level 10.2 Fighting
 - Level 13.5(14.1) Axes
 + Level 6.8(11.1) Polearms
 - Level 10.0 Throwing
 - Level 7.1 Armour
 - Level 4.0 Dodging
 - Level 5.1 Unarmed Combat
 - Level 15.0 Invocations
 - Level 10.0 Evocations


You had 14 spell levels left.
You didn't know any spells.
Your spell library contained the following spells:

 Spells                   Type           Power      Damage    Failure   Level
 Animate Skeleton         Necr           0%         N/A       99%         1
 Apportation              Tloc           0%         N/A       99%         1
 Magic Dart               Conj           0%         1d3       99%         1
 Slow                     Hex            0%         N/A       99%         1
 Summon Small Mammal      Summ           0%         N/A       99%         1
 Searing Ray              Conj           0%         2d4       99%         2
 Confusing Touch          Hex            0%         N/A       100%        3
 Vampiric Draining        Necr           0%         2d6       100%        3
 Fulminant Prism          Conj/Hex       0%         3d6       100%        4
 Summon Lightning Spire   Summ/Air       0%         N/A       100%        4
 Summon Hydra             Summ           0%         N/A       100%        7
 Maxwell's Capacitive Co  Air            0%         ∞         100%        8
 Sublimation of Blood     Necr           Unusable   N/A       N/A         2
 Wereblood                Tmut           Unusable   N/A       N/A         2
 Storm Form               Tmut/Air       Unusable   N/A       N/A         7

Dungeon Overview and Level Annotations

Branches:
Dungeon (13/15)            Temple (1/1) D:5            Lair (5/6) D:11
 Shoals (0/4) Lair:4        Snake (0/4) Lair:3        Slime (0/5) Lair:5
    Orc (2/2) D:12            Elf (0/3) Orc:2        Vaults (0/5) D:13
Volcano (visited)

Altars:
Ashenzari
Cheibriados
Dithmenos
Elyvilon
Hepliaklqana
Kikubaaqudgha
Nemelex Xobeh
Okawaru
Qazlal
Sif Muna
Trog
Vehumet
Wu Jian
Zin
The Shining One
Beogh
Jiyva

Shops:
D:6 (   D:12 *   Orc:1 =   Orc:2 (*[[

Annotations:
D:3 1 runed translucent door, exclusion: door, JumboJumbo's ghost, amateur MiFi
Lair:4 3 runed translucent doors, exclusion: 3 doors, cookedgoose's ghost, journeyman GnCj
Lair:5 1 runed translucent door, exclusion: door
Abyss:1 Urug


Innate Abilities, Weirdness & Mutations

You thrive by killing the living.
You are immune to poison.
You have sharp fingernails.
Your flesh is cold resistant. (rC+)
You are immune to negative energy. (rN+++)
You do not regenerate when monsters are visible.
You are immune to unholy pain and torment.


Message History

Adjust to which letter? p - Corrupt
Press: ? - help, Shift-Dir - straight line, f - ettin
Aim: an ettin, wielding two +0 dire flails (chance to affect: 77%)
The ettin barely resists.
The ettin hits you but does no damage. The ettin closely misses you.
You don't have enough magic at the moment.
Unknown command.
You sock the ettin!
The ettin is lightly wounded.
The ettin hits you with a +0 dire flail!!
The ettin barely misses you.
You bludgeon the ettin!! You claw the ettin!
The ettin is severely wounded.
The ettin hits you with a +0 dire flail!!
The ettin hits you with a +0 dire flail.
You sock the ettin!
The ettin is severely wounded.
The ettin hits you with a +0 dire flail.
The ettin hits you with a +0 dire flail!!
* * * LOW HITPOINT WARNING * * *
Unknown command.
There is an open door here.
There is an open door here.
There is an open translucent door, spattered with blood here.
Things that are here:
a +0 great mace; a +0 scale mail of cold resistance
There is an open door here.
There is an open door here.
Things that are here:
a +1 longbow of flaming; 12 arrows; a +0 barding
There is an open door here.
Aiming: Paralyse
Press: ? - help, Shift-Dir - straight line, f/p - ettin
Aim: an ettin, wielding two +0 dire flails (heavily wounded, chance to affect: 54%)
The ettin resists with significant effort.
The ettin hits you with a +0 dire flail!!
* * * LOW HITPOINT WARNING * * *
The ettin hits you with a +0 dire flail!!
You die...

#....#.######.#........ #....#.#
#.#..........#
#....#.######.'..........#..
#....#........#..........#..
#....#........##...##....'. ..
#....####......#...##(...#.. ..
#.......#......#.........#.# #.
#.......#......#.........#.# #.
#.......'......@C.c......#.# #.
#.......#.##########.....#.# #.
#.........#.)#..#..#.....#.# #.
#.........#..'..'..#.....#.####.
.#########.##'####'##.#####......
...........#..# #$.#............
..######...#..# +..#.......#####
..# #...##)#######.......# # ..#
#...#..'..').#.......# #


You could see a yaktaur captain and an ettin.

Vanquished Creatures
  Jorgrun (D:13)
  Rupert (D:13)
  A tengu reaver (D:13)
  Nessos (D:13)
  Josephine (Orc:1)
  The ghost of FuzzyBison the Geomancer, a journeyman DDEE of Jiyva (Orc:1)
  2 boulder beetles
  7 hydras
  3 ogre magi
  Erica (D:10)
  2 centaur warriors (D:13)
  14 two-headed ogres
  3 death yaks
  An orc high priest (Orc:1)
  Sonja (Lair:3)
  4 lindwurms (Volcano)
  4 orc knights
  An orc sorcerer (Orc:1)
  A cyclops (Orc:1)
  An ugly thing (D:13)
  A manticore (Lair:4)
  3 elephants (Lair:5)
  A moth of wrath (Orc:1)
  5 black mambas
  2 torpor snails
  7 cane toads
  A smoke demon (Volcano)
  3 rime drakes
  7 komodo dragons
  A yaktaur (D:13)
  6 trolls
  A wind drake (Lair:4)
  5 polar bears (Lair:3)
  5 slime creatures
  14 blink frogs
  A shadow (D:12)
  5 wyverns
  30 yaks
  4 wraiths
  3 fire bats (Lair:1)
  15 humans
  A basilisk (Lair:1)
  7 vampire mosquitoes
  6 steam dragons
  Menkaure (D:7)
  3 nagas (Lair:3)
  6 wargs (Orc:1)
  5 hell hounds (Volcano)
  An acid dragon (D:12)
  7 water moccasins
  A black bear (D:11)
  24 orc warriors
  2 ice beasts
  A black bear (shapeshifter) (D:13)
  26 ogres
  A necrophage (D:5)
  3 wolves (Lair:2)
  16 centaurs
  2 kobold brigands (D:9)
  8 bullfrogs
  5 scorpions
  A water moccasin zombie (D:6)
  A wyvern zombie (D:5)
  3 killer bees (D:8)
  4 wights
  2 howler monkeys
  A bullfrog zombie (D:5)
  2 centaur zombies
  A hound (D:5)
  16 orc priests
  A gnoll shaman (D:9)
  Crazy Yiuf (D:7)
  2 bullfrog skeletons (D:5)
  A centaur skeleton (D:7)
  5 iguanas
  26 orc wizards
  3 hell rats (Lair:5)
  2 howler monkey zombies
  3 adders
  5 gnolls
  2 white imps
  An ufetubus (D:6)
  3 worms
  2 dart slugs
  47 orcs
  2 bats
  2 endoplasms
  3 giant cockroaches
  6 goblins
  9 hobgoblins
  19 kobolds
  4 quokkas
  3 ball pythons
  4 frilled lizards
  5 rats
489 creatures vanquished.

Vanquished Creatures (others)
  A bush (Lair:2)
  40 fungi
  28 plants
69 creatures vanquished.

Grand Total: 558 creatures vanquished

Notes
Turn   | Place    | Note
-------+----------+-------------------------------------------
     0 | Abyss:1  | belegose the Ghoul Abyssal Knight began the quest for the
                  | Orb.
     0 | Abyss:1  | Reached XP level 1. HP: 19/19 MP: 1/1
    73 | Abyss:1  | Noticed a tormentor
    74 | D:1      | Escaped the Abyss
   344 | D:1      | Reached XP level 2. HP: 17/26 MP: 2/2
   791 | D:1      | Reached * piety under Lugonu
   929 | D:1      | Found a faded altar of an unknown god.
   995 | D:1      | Reached XP level 3. HP: 33/33 MP: 3/3
  2524 | D:3      | Found an iron altar of Okawaru.
  2525 | D:3      | Found a sparkling altar of Nemelex Xobeh.
  2783 | D:3      | Found a runed translucent door.
  2784 | D:3      | Noticed JumboJumbo's ghost (amateur MiFi)
  3225 | D:4      | Reached XP level 4. HP: 39/40 MP: 5/5
  3530 | D:4      | Noticed a scorpion
  3540 | D:4      | Killed a scorpion
  3541 | D:4      | Reached skill level 3 in Invocations
  3541 | D:4      | Reached XP level 5. HP: 36/46 MP: 6/6
  4447 | D:3      | Reached XP level 6. HP: 35/53 MP: 7/7
  4564 | D:3      | Reached ** piety under Lugonu
  4979 | D:5      | Entered Level 5 of the Dungeon
  5128 | D:5      | Found a shadowy altar of Dithmenos.
  5389 | D:5      | Reached skill level 4 in Invocations
  5489 | D:5      | Noticed an ice beast
  5516 | D:5      | Killed an ice beast
  5517 | D:5      | Reached skill level 5 in Fighting
  5517 | D:5      | Reached XP level 7. HP: 46/61 MP: 9/9
  6386 | D:5      | Reached skill level 5 in Unarmed Combat
  6402 | D:5      | Found a staircase to the Ecumenical Temple.
  6411 | Temple   | Entered the Ecumenical Temple
  6533 | D:5      | Reached skill level 5 in Invocations
  6790 | D:6      | Reached XP level 8. HP: 70/70 MP: 10/10
  6882 | D:6      | Found a bloodstained altar of Trog.
  6906 | D:5      | Reached skill level 1 in Axes
  6906 | D:5      | Reached skill level 1 in Dodging
  7029 | D:6      | Reached skill level 1 in Throwing
  7334 | D:6      | Found Ygutuumn's Antique Weapon Shoppe.
  8345 | D:7      | Noticed Menkaure
  8351 | D:7      | Killed Menkaure
  8352 | D:7      | Reached skill level 6 in Invocations
  8682 | D:7      | Reached XP level 9. HP: 42/75 MP: 12/12
  8997 | D:7      | Found a runed translucent door.
  8998 | D:7      | Noticed Crazy Yiuf
  9018 | D:7      | Killed Crazy Yiuf
  9071 | D:7      | Identified the +11 mace of the Lame Duck {antimagic, Str+6}
  9531 | D:8      | Found a radiant altar of Vehumet.
  9762 | D:8      | Found the +8 demon trident "Rift" {distort, reach+}
  9774 | D:8      | Identified the +0 leather armour of the Eight Boll Weevils
                  | {rC+ MP+9 Str-5 Int+2}
  9861 | D:8      | Found a shimmering blue altar of Sif Muna.
 10009 | D:8      | Identified the +6 falchion "Haqovech" {elec, Fragile rC++
                  | Str+4}
 10037 | D:8      | Found an ornate altar of the Wu Jian Council.
 10080 | D:8      | Reached skill level 5 in Axes
 10261 | D:9      | Reached *** piety under Lugonu
 10291 | D:8      | Reached skill level 7 in Invocations
 10569 | D:9      | Found a hazy altar of Hepliaklqana.
 10709 | D:9      | Found a broken altar of Ashenzari.
 11092 | D:10     | Entered Level 10 of the Dungeon
 11105 | D:10     | Reached skill level 8 in Invocations
 11105 | D:10     | Reached XP level 10. HP: 83/83 MP: 13/15
 11163 | D:10     | Reached **** piety under Lugonu
 11164 | D:10     | Reached skill level 5 in Throwing
 11165 | D:10     | Reached skill level 1 in Evocations
 11180 | D:10     | Found a snail-covered altar of Cheibriados.
 11181 | D:10     | Noticed Erica
 11199 | D:10     | Killed Erica
 11269 | D:10     | Found an ancient bone altar of Kikubaaqudgha.
 11423 | D:10     | Found a stormy altar of Qazlal.
 11639 | D:11     | Noticed a five-headed hydra
 11646 | D:11     | Noticed a centaur warrior
 11649 | D:10     | Killed a five-headed hydra
 11650 | D:10     | Reached skill level 9 in Invocations
 11890 | D:11     | HP: 4/83 [centaur warrior (1)]
 11892 | D:11     | Banished a centaur warrior
 11893 | D:11     | Reached XP level 11. HP: 4/89 MP: 1/17
 12018 | D:11     | Noticed a two-headed ogre
 12040 | D:10     | Killed a two-headed ogre
 12120 | D:11     | Noticed a boulder beetle
 12141 | D:11     | Killed a boulder beetle
 12150 | D:11     | Noticed Urug
 12478 | D:11     | Banished Urug
 12479 | D:11     | Reached skill level 10 in Axes
 12479 | D:11     | Reached skill level 10 in Invocations
 12685 | D:11     | Reached skill level 5 in Evocations
 12855 | D:11     | Found a staircase to the Lair.
 12960 | D:6      | Bought a transparent broad axe for 270 gold pieces
 12960 | D:6      | Identified the +3 broad axe of Paper {protect, Str+9} (You
                  | bought it in a shop on level 6 of the Dungeon)
 13244 | D:12     | Noticed a boulder beetle
 13254 | D:12     | Killed a boulder beetle
 13642 | D:12     | Reached XP level 12. HP: 69/95 MP: 16/19
 13712 | D:12     | Found a staircase to the Orcish Mines.
 13731 | D:12     | Found Eckulaos's Assorted Antiques.
 13732 | D:12     | Noticed a four-headed hydra
 13737 | D:12     | Killed a four-headed hydra
 13738 | D:12     | Reached skill level 11 in Invocations
 14741 | Lair:1   | Entered Level 1 of the Lair of Beasts
 14918 | Lair:1   | Found a dark tunnel.
 14927 | Volcano  | Entered a volcano
 15071 | Volcano  | Reached skill level 5 in Armour
 15341 | Volcano  | Noticed a fire dragon
 15348 | Volcano  | Banished a fire dragon
 15710 | Lair:1   | Noticed a seven-headed hydra
 15718 | Lair:1   | Killed a seven-headed hydra
 16129 | Lair:2   | Reached XP level 13. HP: 101/102 MP: 20/20
 16247 | Lair:2   | Reached skill level 12 in Invocations
 17193 | Lair:3   | Found a staircase to the Snake Pit.
 17580 | Lair:3   | Reached ***** piety under Lugonu
 17991 | Lair:4   | Noticed Sonja
 17995 | Lair:3   | Killed Sonja
 18124 | Lair:4   | Found a staircase to the Shoals.
 18537 | Lair:4   | Found a runed translucent gate.
 18538 | Lair:4   | Found a runed translucent gate.
 18539 | Lair:4   | Found a runed translucent gate.
 18539 | Lair:4   | Noticed an acid blob
 18539 | Lair:4   | Noticed an azure jelly
 18540 | Lair:4   | Noticed a great orb of eyes
 18540 | Lair:4   | Noticed a quicksilver ooze
 18540 | Lair:4   | Noticed an azure jelly
 18540 | Lair:4   | Noticed cookedgoose's ghost (journeyman GnCj)
 18540 | Lair:4   | Noticed an azure jelly
 18540 | Lair:4   | Noticed an azure jelly
 18661 | Lair:4   | Reached skill level 10 in Throwing
 18825 | Lair:4   | Found an iron altar of Okawaru.
 18926 | Lair:4   | Found a viscous altar of Jiyva.
 18926 | Lair:4   | Noticed an acid blob
 18926 | Lair:4   | Noticed an acid blob
 18926 | Lair:4   | Noticed an acid blob
 18926 | Lair:4   | Noticed an acid blob
 18926 | Lair:4   | Noticed an acid blob
 19173 | Lair:4   | Reached skill level 1 in Polearms
 19173 | Lair:4   | Reached XP level 14. HP: 99/108 MP: 22/22
 19236 | Lair:5   | Reached skill level 13 in Invocations
 19329 | Lair:5   | Found a runed translucent door.
 19330 | Lair:5   | Found a viscous altar of Jiyva.
 19332 | Lair:5   | Found a staircase to the Slime Pits.
 20100 | Lair:5   | Found a runed translucent door.
 20383 | Orc:1    | Entered Level 1 of the Orcish Mines
 20390 | Orc:1    | Found Amyfoirgh's Jewellery Boutique.
 20634 | Orc:1    | Noticed an orc warlord
 20640 | Orc:1    | Banished an orc warlord
 20714 | Orc:1    | Noticed Josephine
 20727 | Orc:1    | Killed Josephine
 20947 | Orc:1    | Found a transporter.
 20978 | Orc:1    | Found a transporter.
 20983 | Orc:1    | Noticed FuzzyBison's ghost (journeyman DDEE)
 21513 | Orc:1    | Reached ****** piety under Lugonu
 22150 | Orc:2    | Entered Level 2 of the Orcish Mines
 22466 | Orc:1    | Identified the amulet of Gobair {Spirit +Blink rC+ Regen+}
 22471 | Orc:1    | Killed FuzzyBison's ghost
 23261 | Orc:2    | Found Aqyqo's General Store.
 23262 | Orc:2    | Found Wari Ribyu's Armour Emporium.
 23262 | Orc:2    | Found Nonumyerr's Armour Boutique.
 23262 | Orc:2    | Found Oretep's Antique Weapon Shoppe.
 23274 | Orc:2    | Bought a scroll of identify for 20 gold pieces
 23278 | Orc:2    | Bought a transparent broad axe for 306 gold pieces
 23278 | Orc:2    | Identified the +1 broad axe of the Leaping Fool {drain, rN+
                  | Int+3} (You bought it in a shop on level 2 of the Orcish
                  | Mines)
 23284 | Orc:2    | Bought a potion of haste for 100 gold pieces
 23284 | Orc:2    | Bought a wand of paralysis (4) for 60 gold pieces
 23284 | Orc:2    | Bought a wand of flame (10) for 60 gold pieces
 23284 | Orc:2    | Bought a scroll of fog for 20 gold pieces
 23309 | Orc:2    | Reached skill level 14 in Invocations
 23348 | Orc:2    | Reached skill level 10 in Evocations
 23492 | Orc:2    | Reached skill level 5 in Polearms
 23508 | Orc:1    | Reached XP level 15. HP: 101/123 MP: 18/24
 23909 | Orc:2    | Found a staircase to the Elven Halls.
 24260 | D:13     | Noticed Rupert
 24260 | D:13     | Noticed Nessos
 24260 | D:13     | Found a gate to the Vaults.
 24318 | D:13     | Noticed Jorgrun
 24333 | D:13     | Killed Jorgrun
 24748 | D:13     | Killed Rupert
 25092 | D:13     | Found a runed translucent door.
 25093 | D:13     | Noticed a tengu reaver
 25100 | D:13     | Reached skill level 10 in Fighting
 25121 | D:13     | Killed a tengu reaver
 25122 | D:13     | Reached skill level 15 in Invocations
 25270 | D:13     | Killed Nessos
 25391 | D:13     | Demolished by an ettin

Illustrated notes

Levels and vault maps discovered:
D:1:      heliophobic_arrival_enchanted_forest, layout_basic,
          shapermc_ecumenical_altar_starsandcircs
D:2:      layout_basic
D:3:      layout_loops_corners, mainiacjoe_overflow_big_doors,
          ebering_ghost_inner_flame, kennysheep_generic_room_14
D:4:      layout_basic
D:5:      layout_basic, nicolae_dithmenos_shadow_blocks, temple_hall
D:6:      layout_basic, trog_butcher_becter, serial_shops,
          nicolae_shop_overgrown_old_shop, serial_park_tiny_1
D:7:      layout_basic, uniq_menkaure, uniq_crazy_yiuf_cottage
D:8:      layout_loops_cross, good_gods_mini_temple,
          pdpol_wu_jian_five_deadly_venoms, overflow_temple_1_default,
          mainiacjoe_overflow_cross_hatched
D:9:      layout_rooms, nicolae_ashenzari_panopticon, overflow_temple_1_default
D:10:     layout_rooms, mainiacjoe_overflow_brackets,
          nicolae_kikubaaqudgha_miasma_corner, grunt_qazlal_clouds, uniq_erica
D:11:     layout_cave_pools, grunt_lair_entry_orc_guard_hut, grunt_decor_cap,
          uniq_urug
D:12:     layout_layer_cave, orc_0_dummy, serial_shops, shop
D:13:     layout_stronghold, david_vaults_3, serial_shops,
          nicolae_lakefront_shop, minivault_13, uniq_jorgrun
Temple:   corrupted_temple
Lair:1:   layout_misc_corridors, nicolae_volcano_entry_batcave,
          infiniplex_staircase_pool_2, serial_bayou_shore_b
Lair:2:   layout_regular_city, serial_bayou_shore_b, lemuel_fruit_fields,
          lemuel_fruit_tree, serial_bayou_shore_b
Lair:3:   layout_regular_city, minmay_snake_entry_guardpost_small,
          cheibrodos_lair_lostbears
Lair:4:   layout_long_grid, minmay_shoals_entry_beasts, basic_altar,
          gammafunk_ghost_ooze, grunt_megastairs_2, uniq_sonja
Lair:5:   layout_layer_cave, slime_altar_2, pf_torpor_hydra, grunt_megastairs_3
Orc:1:    orc_temple, layout_caves, gammafunk_ghost_berserking_beasts,
          serial_shops, nicolae_shop_statue_plus, uniq_josephine
Orc:2:    st_orc_ogre_mass, layout_diamond_mine, nicolae_orc_lava_room

Skill      XL: |  1  2  3  4  5  6  7  8  9 10 11 12 13 14 15 |
---------------+----------------------------------------------+-----
Armour         | 2 3 4 5 7 |  7.1
Fighting       | 4 5 8 10 | 10.2
Unarmed Combat | 3 4 5 |  5.1
Invocations    | 3 4 5 6 8 9 10 11 12 14 15 | 15.0
Axes           | 4 7 9 11 12 13 | 13.5
Dodging        | 3 4 |  4.0
Throwing       | 2 4 6 7 9 10 | 10.0
Evocations     | 3 6 7 8 10 | 10.0
Polearms       | 1 5 6 |  6.8

Action                   |  1- 3 |  4- 6 |  7- 9 | 10-12 | 13-15 || total
-------------------------+-------+-------+-------+-------+-------++-------
Melee: Unarmed           |   161 |   164 |   236 |       |       ||   561
       Punch             |     3 |     3 |    10 |    14 |    17 ||    47
       Demon trident     |       |       |   121 |   319 |   854 ||  1294
       Mace              |       |       |     7 |    63 |    78 ||   148
Throw: Boomerang         |       |     5 |     3 |    19 |    21 ||    48
       Dart              |       |       |     4 |       |     3 ||     7
Invok: Depart the Abyss  |     1 |       |       |       |       ||     1
       Bend Space        |       |       |     1 |     1 |     2 ||     4
       Banish            |       |       |       |     3 |     5 ||     8
Evoke: Wand              |       |       |       |     4 |     7 ||    11
       Phantom mirror    |       |       |       |       |     1 ||     1
  Use: Scroll            |       |       |     9 |     5 |     6 ||    20
       Potion            |       |       |       |     2 |       ||     2
 Stab: Distracted        |       |       |       |     1 |       ||     1
       Paralysed         |       |       |       |       |     8 ||     8
Armor: Leather armour    |    35 |       |       |       |       ||    35
       Ring mail         |     2 |       |       |       |       ||     2
       Scale mail        |       |    60 |   112 |       |       ||   172
       Plate armour      |       |       |   135 |   287 |   310 ||   732
Dodge: Dodged            |    79 |    48 |   144 |   122 |   170 ||   563
